 Dungeon Crawl Stone Soup version 0.30.0-20-g3615ddf2f0 (webtiles) character file.

Game seed: 8644993063376047928

65 qw the Shield-Bearer (level 4, -1/28 HPs)
             Began as a Gargoyle Fighter on May 28, 2023.
             Slain by an orc wizard
             ... wielding a +0 dagger
              (3 damage)
             ... on level 2 of the Dungeon.
             The game lasted 00:00:28 (819 turns).

qw the Shield-Bearer (Gargoyle Fighter)              Turns: 819, Time: 00:00:28

Health: -1/28      AC: 12    Str: 22    XL:     4   Next: 14%
Magic:  4/4        EV:  9    Int:  8    God:
Gold:   83         SH:  4    Dex:  9    Spells: 3/3 levels left

rFire   . . .        Y - +0 war axe
rCold   . . .        c - +0 buckler
rNeg    + . .        b - +0 scale mail
rPois   inf          (no helmet)
rElec   +            h - +1 cloak
rCorr   .            (no gloves)
SInv    .            (no boots)
Will    .....        (no amulet) Stlth
                     (no ring)
HPRegen 0.24/turn    (no ring)
MPRegen 0.09/turn

%: no passive effects
@: no status effects
A: sickness immunity, AC +3, negative energy resistance 1, electricity
resistance, torment resistance 1, petrification resistance
a: no special abilities


You were on level 2 of the Dungeon.
You visited 1 branch of the dungeon, and saw 2 of its levels.

You collected 83 gold pieces.


Innate Abilities, Weirdness & Mutations

You are immune to sickness and miasma.
Your stone body is resilient. (AC +3)
You are immune to poison.
You resist negative energy. (rN+)
You are resistant to electric shocks. (rElec)
You are resistant to unholy torment.
You are immune to petrification.


   Skills:
 - Level 3.2 Fighting
 + Level 3.1 Axes
 - Level 2.0 Throwing
 - Level 3.2 Armour
 - Level 3.2 Shields


You had 3 spell levels left.
You didn't know any spells.
Your spell library was empty.

Inventory:

Hand Weapons
 e - a +0 whip
 Y - a +0 war axe (weapon)
Missiles
 k - 2 javelins (quivered)
Armour
 b - a +0 scale mail (worn)
 c - a +0 buckler (worn)
 h - a +1 cloak (worn)
Potions
 d - a potion of might
 j - a potion of degeneration {unknown}
 m - a potion of flight {unknown}

Dungeon Overview and Level Annotations

Branches:
Dungeon (2/15)

Altars:


Message History

The orc wizard hits you but does no damage.
The goblin unwields a +0 club.
The goblin wields a +0 sling.
The goblin shoots a sling bullet.
You block the sling bullet.
The orc priest begins to cast a cantrip, but forgets the words!
The orc wizard hits you but does no damage.
Your Throwing skill gained 2 levels and is now at level 2!
You have reached level 4!
You feel stronger.
You hit the orc priest.
The orc priest is severely wounded.
You barely miss the orc wizard. You hit the orc but do no damage.
The orc priest hits you but does no damage.
The orc closely misses you. The orc wizard barely misses you.
You closely miss the orc priest.
The orc priest is severely wounded.
You slash the orc wizard! You barely miss the orc.
The orc priest barely misses you. The orc hits you but does no damage.
The orc wizard closely misses you.
You closely miss the orc wizard.
The orc wizard is almost dead.
You barely miss the orc. You closely miss the orc priest.
The orc priest hits you with a +0 falchion.
The orc hits you but does no damage. You block the orc wizard's attack.
The orc priest barely misses you. The orc hits you but does no damage.
The orc wizard hits you but does no damage.
You closely miss the orc wizard.
The orc wizard is almost dead.
You hit the orc.
You hit the orc priest but do no damage.
The orc priest hits you but does no damage.
The orc hits you with a +0 dagger. The orc wizard misses you.
You closely miss the orc wizard.
The orc wizard is almost dead.
You hit the orc priest but do no damage.
You hit the orc. You block the orc priest's attack.
The orc hits you but does no damage.
The orc wizard hits you but does no damage.
The orc priest hits you with a +0 falchion.
The orc hits you but does no damage.
The orc wizard hits you with a +0 dagger.
You die...

..# #...#### ..#
###....# ..#
####.### ..#
#...## ..+ ###..#
..# ##.### ###
#...## .# ###..#
.# ##@# .#
^.....ooo...... .#
#######...g....###
.# #<#
#........... .#
#.# #.[.....####
.# #.# #.......#
## #.# #.......#
#.# #.......# #.#


You could see an orc priest, an orc wizard, an orc and a goblin.

Vanquished Creatures
  An orc priest (D:2)
  2 dart slugs (D:1)
  A ball python (D:2)
  3 endoplasms (D:1)
  2 giant cockroaches (D:1)
  2 goblins (D:1)
  2 hobgoblins (D:1)
  4 jackals (D:1)
  A quokka (D:1)
  3 bats (D:1)
  6 kobolds (D:1)
  A rat (D:1)
28 creatures vanquished.

Notes
Turn   | Place    | Note
-------+----------+-------------------------------------------
     0 | D:1      | qw the Gargoyle Fighter began the quest for the Orb.
     0 | D:1      | Reached XP level 1. HP: 14/14 MP: 1/1
     0 | D:1      | 0 ||| qw: Version: 0.2-a-101-gf8a7cd0
     0 | D:1      | 0 ||| qw: Game counter: 276
     0 | D:1      | 0 ||| qw: Always use a shield: true
     0 | D:1      | 0 ||| qw: God list: Okawaru
     0 | D:1      | 0 ||| qw: Allow faded altars: false
     0 | D:1      | 0 ||| qw: Do Orc after D:15 true
     0 | D:1      | 0 ||| qw: Do second Lair branch before Depths: true
     0 | D:1      | 0 ||| qw: Lair rune preference: random
     0 | D:1      | 0 ||| qw: Plans: Normal, Zot:1-4, Slime:5, God:TSO, Crypt,
                  | Tomb, Pan, Hells, Abyss, Win
     0 | D:1      | 0 ||| PLANNING D:1-11
    28 | D:1      | 28 ||| Stepping ~*~*~tactically~*~*~ (hiding).
    56 | D:1      | 56 ||| Stepping ~*~*~tactically~*~*~ (stealth).
   107 | D:1      | Reached XP level 2. HP: 10/19 MP: 2/2
   147 | D:1      | 147 ||| Stepping ~*~*~tactically~*~*~ (hiding).
   150 | D:1      | 150 ||| Stepping ~*~*~tactically~*~*~ (hiding).
   153 | D:1      | 153 ||| Stepping ~*~*~tactically~*~*~ (hiding).
   196 | D:1      | 196 ||| Stepping ~*~*~tactically~*~*~ (hiding).
   231 | D:1      | Found a faded altar of an unknown god.
   239 | D:1      | Reached skill level 3 in Axes
   263 | D:1      | Reached XP level 3. HP: 23/23 MP: 3/3
   310 | D:1      | 310 ||| Stepping ~*~*~tactically~*~*~ (stealth).
   315 | D:1      | 315 ||| Stepping ~*~*~tactically~*~*~ (hiding).
   646 | D:1      | 646 ||| UPGRADING to +1 cloak.
   651 | D:1      | 651 ||| READING scroll labelled FEATHU WIONO.
   652 | D:1      | 652 ||| READING 2 scrolls labelled BEQULEH DIOMI.
   653 | D:1      | 653 ||| READING scroll labelled TUTORO QOGYAT.
   654 | D:1      | 654 ||| READING scroll labelled LUTZUO LOCRUZ.
   657 | D:1      | 657 ||| READING scroll labelled MEIDY SEUHAD.
   658 | D:1      | 658 ||| READING scroll labelled QYMENL QIUF.
   659 | D:1      | 659 ||| READING scroll labelled WUDYR NUCOFI.
   660 | D:1      | 660 ||| DROPPING scroll of fog.
   813 | D:2      | HP: 3/23 [orc priest/divine providence (13)]
   815 | D:2      | Reached XP level 4. HP: 5/28 MP: 4/4
   818 | D:2      | HP: 3/28 [orc/+0 dagger (2)]
   819 | D:2      | Slain by an orc wizard

Levels and vault maps discovered:
D:1:      dpeg_arrival_erosion, layout_basic,
          ebering_ecumenical_altar_abandoned, minivault_26, feat_on_display
D:2:      layout_basic, hangedman_decor_points, nicolae_underground_beach

Skill      XL: |  1  2  3 |
---------------+----------+-----
Axes           | 2 3 |  3.1
Throwing       | 2 |  2.0
Fighting       | |  3.2
Armour         | |  3.2
Shields        | |  3.2

Action                     |  1- 3 |  4- 6 || total
---------------------------+-------+-------++-------
  Melee: War axe           |    60 |     5 ||    65
  Throw: Javelin           |    13 |       ||    13
    Use: Scroll            |     7 |       ||     7
 Armour: Scale mail        |    39 |     9 ||    48
  Dodge: Dodged            |    22 |     6 ||    28
  Block: Buckler           |     9 |     2 ||    11

Table legend:
 A = Non-vault XP
 B = Vault XP
 C = Vault XP percentage of total XP
 D = Non-vault monster count
 E = Vault monster count
 F = Vault count percentage of total count
                 A         B        C        D         E       F
            +---------+---------+-------+---------+---------+-------
      Total |      94 |       0 |   0.0 |      28 |       0 |   0.0
            +---------+---------+-------+---------+---------+-------
        D:1 |      49 |       0 |   0.0 |      26 |       0 |   0.0
        D:2 |      45 |       0 |   0.0 |       2 |       0 |   0.0
            +---------+---------+-------+---------+---------+-------
